Cogmind - Beta 9.2 @@@ ROGUE MODE // 2019.12.11 @ 16:13:39 Player: josiah Result: Destroyed by H-55 Commando with Gauss Rifle Performance ------------- Evolutions (2) 1000 Regions Visited (4) 800 Robots Destroyed (23) 115 Value Destroyed (650) 650 Prototype IDs (0) 0 Alien Tech Used (0) 0 Bonus (0) 0 TOTAL SCORE: 2565 Bonus ------- None Cogmind --------- Core Integrity 0/550 Matter 300/300 Energy 51/100 System Corruption 0% Temperature Cool (0) Movement Core (150) Ox2 Location -8/Materials Parts ------- > --- POWER (1) -------- (None) > --- PROPULSION (3) --- (None) > --- UTILITY (5) ------ Small Storage Unit Visual Processing Unit > --- WEAPON (2) ------- Axe > --- INVENTORY (6) ---- Improved Melee Analysis Suite Improved Melee Analysis Suite Improved Melee Analysis Suite Microactuators Peak State ------------ > --- POWER ------------ Light Ion Engine > --- PROPULSION ------- Hover Unit > --- UTILITY ---------- Cooling System Small Storage Unit Weight Redist. System Visual Processing Unit Microactuators > --- WEAPON ----------- Katana Axe > --- INVENTORY -------- High-capacity Matter Pod Improved Melee Analysis Suite Improved Melee Analysis Suite Improved Melee Analysis Suite Microactuators Microactuators [Rating: 21] Favorites ----------- Power Light Ion Engine Engine Light Ion Engine Propulsion Aluminum Leg Leg Aluminum Leg Hover Unit Hover Unit Utility Small Storage Unit Device Improved Heat Sink Storage Small Storage Unit Processor Visual Processing Unit Weapon Assault Rifle Energy Gun Small Laser Ballistic Gun Assault Rifle Slashing Weapon Axe Build | -11 -10 -9 -9 -8 ------- Run | Scr Mat Mat Min Mat Slots Evolved 4 | . . 2 . 2 Power . | . . . . . Propulsion 1 | . . . . 1 Utility 3 | . . 2 . 1 Weapon . | . . . . . Parts Attached 20 | 6 5 3 . 6 Power 1 | 1 . . . . Engine 1 | 1 . . . . Core . | . . . . . Reactor . | . . . . . Propulsion 4 | 2 2 . . . Treads . | . . . . . Leg 2 | 2 . . . . Wheel . | . . . . . Hover 2 | . 2 . . . Flight . | . . . . . Utility 8 | 1 2 2 . 3 Device 6 | . 2 1 . 3 Storage 1 | 1 . . . . Processor 1 | . . 1 . . Hackware . | . . . . . Protection . | . . . . . Artifact . | . . . . . Weapon 7 | 2 1 1 . 3 Energy Gun 2 | 1 . 1 . . Energy Cannon . | . . . . . Ballistic Gun 2 | 1 1 . . . Ballistic Cannon . | . . . . . Launcher . | . . . . . Special Weapon . | . . . . . Impact Weapon . | . . . . . Slashing Weapon 3 | . . . . 3 Piercing Weapon . | . . . . . Special Melee Weapon . | . . . . . Unidentified Prototypes . | . . . . . Parts Lost 9 | . . 1 . 8 Power 1 | . . . . 1 Propulsion 2 | . . . . 2 Utility 4 | . . . . 4 Weapon 2 | . . 1 . 1 Highest Loss Streak 7 | . . 1 . 7 Average Slot Usage (%) 89 | . 98 86 100 71 Engine 11 | . 14 11 11 6 Leg 12 | . 25 . . . Hover 9 | . 2 22 22 10 Device 16 | . 12 16 22 23 Storage 11 | . 14 11 11 9 Processor 3 | . . 5 11 9 Energy Gun 3 | . 3 3 11 1 Ballistic Gun 16 | . 24 16 11 1 Slashing Weapon 2 | . . . . 9 Naked Turns . | . . . . . Heaviest Build 16 | 10 11 12 12 16 Greatest Support 20 | 20 20 12 12 18 Greatest Overweight (x) 4 | . . . . 4 Average Overweight (x) . | . . . . . Largest Inventory Capacity 6 | 6 6 6 6 6 Average Capacity 5 | 5 6 6 6 6 Most Carried 6 | 5 6 6 5 6 Average Carried 5 | 2 5 5 5 5 Final Capacity 6 | 6 6 6 6 6 Final Carried 6 | 5 6 5 5 4 Class Distribution -------------------- 100% | Mutant Dominant Class ---------------- Mutant | -10/Materials Mutant | -9/Materials Mutant | -9/Mines Mutant | -8/Materials Resources | -11 -10 -9 -9 -8 ----------- Run | Scr Mat Mat Min Mat Matter Collected 665 | 293 269 . 44 59 Remotely . | . . . . . Salvage Created 891 | 124 331 . 44 392 Parts 42 | 8 16 . 1 17 Haulers Intercepted . | . . . . . Recyclers Shooed . | . . . . . Parts Field Recycled . | . . . . . Retrieved Matter . | . . . . . Parts Self-Destructed . | . . . . . Prevented . | . . . . . Kills | -11 -10 -9 -9 -8 ------- Run | Scr Mat Mat Min Mat Combat Hostiles Destroyed 19 | . 9 . 3 7 Melee 3 | . . . . 3 Guns 12 | . 9 . 3 . AOE 4 | . . . . 4 Classes Destroyed 5 | 2 2 . . 1 Tunneler 2 | 2 . . . . Recycler 2 | 1 . . . 1 Swarmer 6 | . 3 . 3 . Grunt 12 | . 6 . . 6 Sentry 1 | . . . . 1 Best Kill Streak 5 | 1 3 . 3 5 Combat Bots Only 4 | . 3 . 3 4 Max Kills in Single Turn 5 | 1 1 . 2 5 Gunslinging 1 | . . . 1 . Exploded 4 | . . . . 4 Melee 1 | . . . . 1 Uniques/NPCs Destroyed . | . . . . . Combat | -11 -10 -9 -9 -8 -------- Run | Scr Mat Mat Min Mat Damage Taken 1546 | . 408 166 37 935 Core 745 | . 107 59 9 570 Absorbed by Shields . | . . . . . Core Remaining (%) 80 | 100 57 . 83 . Volleys Fired 46 | 11 32 . 3 . Largest 2 | 2 2 . 2 . Hottest 60 | 60 60 . 60 . Shots Fired 92 | 22 64 . 6 . Gun 92 | 22 64 . 6 . Cannon . | . . . . . Launcher . | . . . . . Special . | . . . . . Kinetic 72 | 11 58 . 3 . Thermal 20 | 11 6 . 3 . Explosive . | . . . . . Electromagnetic . | . . . . . Robot Hit Streak 11 | 5 11 . 3 . Robot Miss Streak 4 | 3 4 . 1 . Penetration Max . | . . . . . Secondary Targets 2 | . 1 . 1 . Max Gunslinging Chain 1 | . 1 . 1 . Shots Hit Robots 64 | 12 43 . 4 5 Core Hits 32 | 4 15 . 4 9 Critical Hits . | . . . . . Critical Kills . | . . . . . Critical Parts Destroyed . | . . . . . Melee Attacks 8 | . . . . 8 Impact . | . . . . . Slashing 8 | . . . . 8 Piercing . | . . . . . Sneak Attacks . | . . . . . Combat Hostiles . | . . . . . Follow-up Attacks . | . . . . . Damage Inflicted 1437 | 163 456 . 49 769 Guns 668 | 163 456 . 49 . Cannons . | . . . . . Explosions 609 | . . . . 609 Melee 160 | . . . . 160 Ramming . | . . . . . Kinetic 506 | 66 415 . 25 . Thermal 771 | 97 41 . 24 609 Explosive . | . . . . . Electromagnetic . | . . . . . Impact . | . . . . . Slashing 160 | . . . . 160 Piercing . | . . . . . Highest Corruption . | . . . . . Average Corruption . | . . . . . Corruption Purged . | . . . . . Overload Shots . | . . . . . Overflow Damage . | . . . . . Projectiles . | . . . . . Explosions . | . . . . . Melee . | . . . . . Knockbacks . | . . . . . Impact . | . . . . . Kinetic . | . . . . . Secondary . | . . . . . Self-Inflicted Damage 190 | . . . . 190 Shots 2 | . . . . 2 Rammed . | . . . . . Targets Rammed . | . . . . . Kicked . | . . . . . Crushed . | . . . . . Highest Temperature 4 | . . . . 4 Average Temperature 4 | . . . . 4 Received Heat Transfer 573 | . 177 72 . 324 Siege Activations . | . . . . . Robots Corrupted . | . . . . . Combat Hostiles . | . . . . . Parts Fried . | . . . . . Impact Corruptions . | . . . . . Robots Melted . | . . . . . Combat Hostiles . | . . . . . Parts Melted . | . . . . . Heat Transferred 725 | 225 100 . 50 350 Parts Sabotaged . | . . . . . Parts Stolen . | . . . . . Parts Stripped . | . . . . . Power Chain Reactions . | . . . . . Missiles Intercepted . | . . . . . Alert | -11 -10 -9 -9 -8 ------- Run | Scr Mat Mat Min Mat Peak Influence 287 | 15 274 165 134 287 Average Influence 108 | 4 151 146 126 91 Maximum Alert Level 1 | . 1 . . 1 Low Security (%) 84 | 100 61 100 100 97 Level 1 15 | . 38 . . 2 Level 2 . | . . . . . Level 3 . | . . . . . Level 4 . | . . . . . Level 5 . | . . . . . High Security . | . . . . . Max Security . | . . . . . Squads Dispatched 7 | . 3 1 . 3 Investigation 3 | . 2 . . 1 Extermination . | . . . . . Reinforcement 4 | . 1 1 . 2 Assault . | . . . . . Garrison . | . . . . . Intercept . | . . . . . Construction Impeded . | . . . . . Haulers Reinforced . | . . . . . Stealth | -11 -10 -9 -9 -8 --------- Run | Scr Mat Mat Min Mat Distress Signals 1 | . . . . 1 Communications Jammed . | . . . . . Distress Signals . | . . . . . Times Spotted 48 | . 17 12 3 16 Peak Tracking Total 11 | . 6 10 3 11 Tactical Retreats 3 | . . 3 . . Traps | -11 -10 -9 -9 -8 ------- Run | Scr Mat Mat Min Mat Traps Triggered 3 | . 2 . . 1 Indirectly . | . . . . . Trap Hack Attempts . | . . . . . Triggered . | . . . . . Disarmed . | . . . . . Reprogrammed . | . . . . . Reused . | . . . . . Traps Extracted . | . . . . . Installed . | . . . . . Triggered . | . . . . . Machines | -11 -10 -9 -9 -8 ---------- Run | Scr Mat Mat Min Mat Machines Disabled 2 | . . . . 2 Max in Single Turn 2 | . . . . 2 Machines Sabotaged . | . . . . . Garrisons Compromised . | . . . . . Overloaded Fab Kills . | . . . . . Fab Network Shutdowns . | . . . . . Hacking | -11 -10 -9 -9 -8 --------- Run | Scr Mat Mat Min Mat Machines Accessed 1 | . . . . 1 Terminals 1 | . . . . 1 Fabricators . | . . . . . Repair Stations . | . . . . . Recycling Units . | . . . . . Scanalyzers . | . . . . . Garrison Access . | . . . . . Total Hacks 2 | . . . . 2 Successful 1 | . . . . 1 Failed 1 | . . . . 1 Catastrophic . | . . . . . Database Lockouts . | . . . . . Manual 2 | . . . . 2 Terminals 2 | . . . . 2 Fabricators . | . . . . . Repair Stations . | . . . . . Recycling Units . | . . . . . Scanalyzers . | . . . . . Garrison Access . | . . . . . Terminal Hacks . | . . . . . Fabricator Hacks . | . . . . . Repair Station Hacks . | . . . . . Recycling Unit Hacks . | . . . . . Scanalyzer . | . . . . . Garrison Access Hacks . | . . . . . Unauthorized Hacks 3 | . . . . 3 Terminals 1 | . . . . 1 Track 1 | . . . . 1 Fabricators . | . . . . . Repair Stations . | . . . . . Recycling Units . | . . . . . Scanalyzers . | . . . . . Garrison Access . | . . . . . Data Cores Recovered . | . . . . . Used . | . . . . . Hacking Detections 1 | . . . . 1 Full Trace Events . | . . . . . Feedback Events . | . . . . . Feedback Blocked . | . . . . . Robot Schematics Acquired . | . . . . . Robots Built . | . . . . . Matter . | . . . . . Time . | . . . . . Total Robot Build Rating . | . . . . . Part Schematics Acquired . | . . . . . Parts Built . | . . . . . Matter . | . . . . . Time . | . . . . . Total Part Build Rating . | . . . . . Parts Repaired . | . . . . . Time . | . . . . . Parts Recycled . | . . . . . Recycled Matter . | . . . . . Retrieved Matter . | . . . . . Retrieved Components . | . . . . . Parts Scanalyzed . | . . . . . Part Schematics Acquired . | . . . . . Parts Damaged . | . . . . . Bothacking | -11 -10 -9 -9 -8 ------------ Run | Scr Mat Mat Min Mat Used RIF Installer . | . . . . . Robots Hacked . | . . . . . Non-combat . | . . . . . Combat . | . . . . . Robot Hacks Applied . | . . . . . Relay Couplers Released . | . . . . . Robots Rewired . | . . . . . Allies Hacked . | . . . . . Hacks Repelled . | . . . . . Allies | -11 -10 -9 -9 -8 -------- Run | Scr Mat Mat Min Mat Total Allies . | . . . . . Largest Group . | . . . . . Highest-Rated Group . | . . . . . Highest-Rated Ally . | . . . . . Total Orders . | . . . . . Ally Attacks . | . . . . . Total Damage . | . . . . . Kills . | . . . . . Allies Corrupted . | . . . . . Allies Melted . | . . . . . Intel | -11 -10 -9 -9 -8 ------- Run | Scr Mat Mat Min Mat Robot Analysis Total . | . . . . . Derelict Logs Recovered . | . . . . . Drone Launches . | . . . . . Drone Recoveries . | . . . . . Exploration | -11 -10 -9 -9 -8 ------------- Run | Scr Mat Mat Min Mat Turns Passed 874 | 172 344 149 40 169 Spaces Moved 784 | 107 225 235 57 160 Core 31 | 4 . . . 27 Treads . | . . . . . Legs 265 | 103 162 . . . Wheels . | . . . . . Hover 488 | . 63 235 57 133 Flight . | . . . . . Fastest Speed 50 | 50 56 56 56 50 Average Speed 82 | 117 102 56 56 78 Slowest Speed 250 | 120 120 56 56 250 Overloaded Moves . | . . . . . Propulsion Burnouts . | . . . . . Robots Hopped . | . . . . . Cave-ins Triggered . | . . . . . Exploration Rate (%) 25 | 4 48 30 24 19 Regions Visited 4 Branch Regions 1 Pre-discovered Areas . | . . . . . Known Exits Taken . | . . . . . Unknown Exits Taken 4 | 1 1 1 1 . Scrap Searched . | . . . . . Spaces Dug . | . . . . . Terrain Destroyed 48 | . . . . 48 Melee . | . . . . . Projectile . | . . . . . AOE 48 | . . . . 48 Actions | -11 -10 -9 -9 -8 --------- Run | Scr Mat Mat Min Mat Total 918 | 128 280 250 59 201 Wait 38 | . 12 13 . 13 Move 780 | 106 224 234 56 160 Hop . | . . . . . Pick Up 13 | 5 3 . . 5 Fast Attach 14 | 6 2 2 . 4 Attach 3 | . . 1 . 2 Detach 2 | . . . . 2 Swap 3 | . 3 . . . Drop 12 | . 4 . . 8 Fire 46 | 11 32 . 3 . Melee 7 | . . . . 7 Ram . | . . . . . Kick . | . . . . . Crush . | . . . . . Escape Stasis . | . . . . . Rewire . | . . . . . Trap . | . . . . . Miscellaneous . | . . . . . Route ------- -11/Scrapyard -10/Materials (discovered 2 exits: [*Mat] / [*Min]) -9/Materials -9/Mines -8/Materials History --------- Turn | Location | Event 3 | -11/Scrapyard | Discovered new exit (range 15) 173 | -11/Scrapyard | Entered Materials 311 | -10/Materials | Build established: Mutant 430 | -10/Materials | Discovered new exit (range 10) 488 | -10/Materials | Discovered new exit (range 5) 517 | -10/Materials | Entered another Materials area 517 | -9/Materials | Evolved 2 slots: Utility x2 649 | -9/Materials | Discovered new exit (range 17) 666 | -9/Materials | Entered Mines 698 | -9/Mines | Discovered new exit (range 12) 706 | -9/Mines | Entered Materials 706 | -8/Materials | Evolved 2 slots: Propulsion x1, Utility x1 857 | -8/Materials | Core integrity fell below 50% 871 | -8/Materials | Core integrity fell below 20% 875 | -8/Materials | Destroyed by H-55 Commando with Gauss Rifle Last Messages --------------- 00850_ Hvy. Laser severed. 00856_ Slug penetrates Wall. 00856_ K-01 Serf collects debris. 00859_ Weight Redist. System destroyed. 00861_ K-01 Serf collects debris. 00861_ R-06 Scavenger collects Hvy. Laser. 00863_ Katana destroyed. 00864_ R-06 Scavenger collects Beam Rifle. 00868_ R-06 Scavenger collects Hvy. Assault Rifle. 00869_ K-01 Serf collects debris. 00870_ Microactuators destroyed. 00870_ Fusion Modulator explodes. 00870_ G-47 Trooper destroyed. 00870_ Fusion Modulator explodes. 00870_ G-47 Trooper destroyed. 00870_ R-06 Scavenger destroyed. 00872_ Penetrated by Slug. 00872_ K-01 Serf collects debris. 00873_ Microactuators destroyed. 00875_ Penetrated by Slug. Map ----- +----------------------------------------------------+ | ?????????????????????????????????????????????????? | | ?????????????????????????|!!?????????????????????? | | ???????????????????????# ????????????????????? | | ???????????????????????# ????????????????????? | | ??????????????????????? ????????????????????? | | ???????????????????????? ????????????????????? | | ???????????????????????? ????????????????????? | | ????????????????????????# #????????????????????? | | ????????????????????????# #????????????????????? | | ????????????????????????# #??????????????????### | | ????????????????????????# g#??????????????????# " | | ????????????????????????# #??????????????????# " | | ????????????????????????# #??????????????????# " | | ???????????????????????## ##?????#######?????# | | ????????????????#+###### g ####### #?????# | | ????????????????# #?????#! | | ??????????????### T +?????### | | ???????????? *k #???????? | | ????????????????####+### ![= ####### #???????? | | ????????????????# [ u #;%h[ ;;;#####=% ##???????? | | ????????????????# *; =[ ;#?# | #????????? | | ????????????????# = ;= = ;###=%*#????????? | | ????????????????# ; ; ## ! #????????? | | ????????????????#[[ ; = ; ## #????????? | | ????????????????#[ ; = ;### #????????? | | ????????????????????#;;;Y@ % ; ## #????????? | | ????????????????????# ; % ; ## #????????? | | ????????????????????## ; ;### #????????? | | ?????????????????????# ;; ;;;### #????????? | | ?????????????????????#### ; + #####+###+ | | ????????????????????????## ##!!! "" # | | ?????????????????????????### !!! T" # | | ???????????????????????????##!!! "" # | | ????????????????????????????# ######## #### | | ???????????????????????????????######??????# #??? | | ???????????????????????????????????????????#!#??# | | ???????????????????????????????????????????# #??# | | ???????????????????????????????????????????# #### | | ???????????????????????????????????????????# ## | | ?????????????????????????????????????#######/## | | ?????????????????????????????????????#! # ^ | | ?????????????????????????????????????# # | | ?????????????????????????????????????# # | | ?????????????????????????????????????# # | | ?????????????????????????????????????# """ / | | ?????????????????????????????????????# """"" # | | ?????????????????????????????????????# """"" # | | ?????????????????????????????????????# """"" # | | ?????????????????????????????????????# """ # | | ?????????????????????????????????????#?######## | +----------------------------------------------------+ Best States ------------- Heat Dissipation 67 Energy Generation 10 Energy Capacity 125 Matter Stores 300 Matter Capacity 300 Sight Range 18 Terrain Scan Density 10 Additional Mass Support 6 Melee Speed Boost 40 Evasion (%) 53 Item Schematics ----------------- None Robot Schematics ------------------ None Fabricated ------------ Nothing Alien Tech Used ----------------- None Achievements -------------- None Challenges ------------ None Game ------ Seed ModifiedStorageMantle Manual? 0 Play Time 00:14:06 Cumulative 92.3 hours Start 2019.12.11 @ 16:03:09 End 2019.12.11 @ 16:13:39 Sessions 1 Manual Loads 0 Difficulty Rogue Special Mode None Game No. 142 Rogue 99 Adventurer 3 Explorer 40 Win Type - Total 2 Types 1/1/0/0/0/0/0 Lore% 33 Gallery% 65 Achievement% 36 Wizard Run 0 Options --------- ASCII 0 Keyboard 0 Movement Mouse Keybinds 0 Fullscreen 2 Font 18/SmallcapsGlow Map View 76x50 Tactical HUD 1 Map Filters NONE Filters NONE Steam 1 RUN: 5e7bf0f9-df06-4f7a-972e-82257566a5bd